 Dungeon Crawl Stone Soup version 0.21-a0-150-gc243083 (webtiles) character file.

2198 Leszczynek the Grappler (level 9, -3/85 HPs)
             Began as a Troll Skald on July 27, 2017.
             Was a Priest of Okawaru.
             Slain by an orc warrior
             ... wielding a +0 war axe
              (4 damage)
             ... in a bailey.
             The game lasted 00:16:55 (2592 turns).

Leszczynek the Grappler (Troll Skald)               Turns: 2592, Time: 00:16:55

Health: -3/85      AC:  7    Str: 21      XL:     9   Next: 12%
Magic:  10/10      EV: 17    Int:  9      God:    Okawaru [***...]
Gold:   532        SH:  0    Dex: 16 (17) Spells: 7/10 levels left

rFire    . . .     SeeInvis .     - Unarmed
rCold    . . .     Gourm    +   (no shield)
rNeg     . . .     Faith    .   u - +2 robe {MR+}
rPois    .         Spirit   .   (helmet restricted)
rElec    .         Reflect  .   (no cloak)
rCorr    .         Harm     .   (gloves unavailable)
MR       +....                  (boots unavailable)
Stlth    ++........             (no amulet)
HPRegen  0.64/turn              (no ring)
MPRegen  0.12/turn              (no ring)

@: agile
A: unfitting armour, claws 3, fast metabolism 3, gourmand, regeneration 1,
shaggy fur 1, tough skin 2
a: Heroism, Renounce Religion


You were in a bailey.
You worshipped Okawaru.
Okawaru was most pleased with you.
You were very full.

You visited 2 branches of the dungeon, and saw 9 of its levels.
You also visited: Ossuary and Bailey.

You collected 532 gold pieces.

Inventory:

Missiles
 h - 27 bolts
 k - 39 sling bullets
 A - a large rock (quivered)
Armour
 u - a +2 robe of magic resistance (worn)
Wands
 t - a wand of flame (0/48)
 v - a wand of lightning (4/15)
 y - a wand of lightning (6/15)
Scrolls
 e - 5 scrolls of teleportation
 j - 2 scrolls of immolation {unknown}
 l - a scroll of random uselessness {unknown}
 n - a scroll of magic mapping {unknown}
 o - a scroll of enchant weapon {unknown}
 p - 3 scrolls of remove curse {unknown}
 r - a scroll of amnesia {unknown}
 s - a scroll of vulnerability {unknown}
 x - a scroll of holy word {unknown}
 C - a scroll of blinking {unknown}
Potions
 a - a potion of might
 c - 2 potions of curing {@q1}
 f - a potion of ambrosia
 i - 3 potions of haste
 w - a potion of flight
 z - a potion of mutation {unknown}
Books
 b - a book of Battle

   Spells                             Type                      Level
   a - Infusion                       Charms                       1
   b - Shroud of Golubria             Charms/Translocation         2
   c - Song of Slaying                Charms                       2
   d - Spectral Weapon                Hexes/Charms                 3
   e - Regeneration                   Charms/Necromancy            3
Comestibles
 d - 3 bread rations
 g - 2 royal jellies
 m - 3 meat rations
 q - 7 fruits
 B - 11 chunks of flesh


   Skills:
 + Level 4.6 Fighting
 + Level 4.7 Dodging
 - Level 9.1 Unarmed Combat
 - Level 1.2 Spellcasting
 - Level 2.0 Charms
 - Level 3.0 Invocations


You had 7 spell levels left.
You knew the following spells:

 Your Spells              Type           Power        Failure   Level  Hunger
a - Infusion              Chrm           #...         16%         1    ##.....
b - Shroud of Golubria    Chrm/Tloc      #.........   36%         2    ###....


Dungeon Overview and Level Annotations

Branches:
Dungeon (8/15)             Temple (1/1) D:4
   Lair: D:8-11

Altars:
Ashenzari
Cheibriados
Dithmenos
Elyvilon
Fedhas
Gozag
Hepliaklqana
Kikubaaqudgha
Makhleb
Nemelex Xobeh
Okawaru
Qazlal
Ru
Sif Muna
Trog
Uskayaw
Vehumet
Wu Jian
Xom
Yredelemnul
Zin
The Shining One
Beogh

Annotations:
D:5 +2 robe of MR
D:7 Menkaure


Innate Abilities, Weirdness & Mutations

You are too large for most types of armour.
You have claws for hands.
Your metabolism is lightning-fast.
You like to eat raw meat.
Your natural rate of healing is unusually fast.
You are covered in fur. (AC +1)
You have very tough skin. (AC +2)


Message History

* * * LOW HITPOINT WARNING * * *
Unknown command.
A gnoll comes into view. It is wielding a hand axe.
The gnoll shouts!
Items here: )) [[ a hand axe; a ring mail; a hand axe; a leather armour You feel better.
The orc warrior hits you with a war axe!
* * * LOW HITPOINT WARNING * * *
Unknown command.
An orc warrior comes into view. It is wielding a war axe.
Okay, then.
The orc warrior shouts!
Unknown command.
You feel agile all of a sudden. The gnoll hits you with a hand axe.
* * * LOW HITPOINT WARNING * * *
The gnoll hits you but does no damage.
The orc warrior hits you with a war axe.
You die...

#..'.....+
#####o''#####
#...))......#
###≈≈≈≈.o.(≈≈≈###
≈≈≈≈≈≈≈≈...≈≈≈≈≈≈≈
≈≈≈≈≈≈≈≈≈.(.≈≈≈≈≈≈≈
≈≈≈≈≈≈≈≈≈..)≈≈≈≈≈≈≈
≈≈≈≈≈≈≈≈≈.(g≈≈≈≈≈≈≈
≈≈≈≈≈≈.....@...≈≈≈≈
#######...og..#####
#..)))..# #..))...#
#...∩...# #.......#
###...### #.∩.#
#####


You could see 2 orc warriors, 2 gnolls and an orc (wandering).

Vanquished Creatures
  An orc sorcerer (Bailey)
  A kobold demonologist (Bailey)
  3 orc warriors
  An ogre (D:5)
  A centaur (D:8)
  Blork the orc (D:5)
  A bullfrog (D:7)
  3 wights (D:8)
  2 electric eels (Bailey)
  A crimson imp (D:5)
  2 jellies (D:5)
  4 orc wizards
  2 orc priests
  4 hounds
  2 bullfrog skeletons
  A worker ant (D:8)
  A big kobold zombie (Ossuary)
  A hound zombie (D:8)
  8 mummies (Ossuary)
  2 hound skeletons
  Robin (D:2)
  A gnoll (Bailey)
  2 adders
  A howler monkey skeleton (D:5)
  An adder skeleton (D:5)
  4 worms
  A leopard gecko (D:1)
  10 orcs
  2 giant cockroaches
  3 gnoll zombies (Ossuary)
  17 goblins
  10 hobgoblins
  12 jackals
  3 quokkas
  2 bats
  3 frilled lizards
  A hobgoblin zombie (Ossuary)
  3 kobolds
  A leopard gecko skeleton (D:8)
  A leopard gecko zombie (D:5)
  3 orc zombies (Ossuary)
  3 rats
127 creatures vanquished.

Vanquished Creatures (others)
  A hobgoblin (Bailey)
1 creature vanquished.

Grand Total: 128 creatures vanquished

Notes
Turn   | Place    | Note
-------+----------+-------------------------------------------
     0 | D:1      | Leszczynek the Troll Skald began the quest for the Orb.
     0 | D:1      | Reached XP level 1. HP: 19/19 MP: 1/1
    91 | D:1      | Reached XP level 2. HP: 27/27 MP: 2/2
   158 | D:1      | Reached skill level 3 in Unarmed Combat
   310 | D:2      | Noticed Robin
   364 | D:2      | Learned a level 2 spell: Shroud of Golubria
   403 | D:2      | Killed Robin
   403 | D:2      | Reached XP level 3. HP: 18/33 MP: 3/3
   456 | D:2      | Reached skill level 4 in Unarmed Combat
   686 | D:2      | Reached XP level 4. HP: 39/41 MP: 4/4
   859 | D:4      | Reached skill level 5 in Unarmed Combat
   865 | D:4      | Found a staircase to the Ecumenical Temple.
   880 | D:4      | Found a roughly hewn altar of Beogh.
   892 | D:4      | Reached XP level 5. HP: 34/48 MP: 5/5
   905 | D:4      | Reached skill level 6 in Unarmed Combat
   907 | D:4      | fucking bastard
   907 | D:4      | bastards
   946 | Temple   | Entered the Ecumenical Temple
  1107 | Temple   | hmmmmmm
  1138 | Temple   | Became a worshipper of Warmaster Okawaru
  1237 | D:5      | Entered Level 5 of the Dungeon
  1250 | D:5      | Reached XP level 6. HP: 55/55 MP: 6/6
  1304 | D:5      | Reached skill level 7 in Unarmed Combat
  1369 | D:5      | Found a bloodstained altar of Trog.
  1405 | D:5      | Reached * piety under Okawaru
  1448 | D:5      | Reached XP level 7. HP: 51/62 MP: 7/7
  1459 | D:5      | Noticed Blork the orc
  1470 | D:5      | Killed Blork the orc
  1470 | D:5      | Reached skill level 8 in Unarmed Combat
  1549 | D:5      | Found a sand-covered staircase.
  1554 | Ossuary  | Entered an ossuary
  1927 | D:7      | Noticed a manticore
  1946 | D:6      | You fall through a shaft for 2 floors!
  2010 | D:8      | Reached skill level 9 in Unarmed Combat
  2041 | D:8      | Reached skill level 1 in Invocations
  2076 | D:7      | Noticed Menkaure
  2099 | D:8      | Found a burning altar of Makhleb.
  2099 | D:8      | Found a blossoming altar of Fedhas.
  2114 | D:8      | gotta love the rng
  2146 | D:8      | Found a sacrificial altar of Ru.
  2180 | D:8      | Reached skill level 2 in Invocations
  2180 | D:8      | Reached XP level 8. HP: 65/70 MP: 5/8
  2247 | D:8      | Reached ** piety under Okawaru
  2282 | D:8      | Reached skill level 3 in Invocations
  2334 | D:8      | Reached skill level 2 in Dodging
  2352 | D:8      | Reached skill level 2 in Fighting
  2430 | D:7      | Found a flagged portal.
  2444 | Bailey   | Entered a bailey
  2477 | Bailey   | Reached skill level 3 in Dodging
  2510 | Bailey   | Noticed an orc sorcerer
  2511 | Bailey   | nooooope
  2530 | Bailey   | Reached skill level 3 in Fighting
  2543 | Bailey   | Killed an orc sorcerer
  2543 | Bailey   | Reached skill level 4 in Fighting
  2543 | Bailey   | Reached skill level 4 in Dodging
  2544 | Bailey   | Noticed a kobold demonologist
  2555 | Bailey   | Noticed a red devil
  2555 | Bailey   | Killed a kobold demonologist
  2555 | Bailey   | Reached *** piety under Okawaru
  2555 | Bailey   | Reached XP level 9. HP: 59/85 MP: 8/10
  2582 | Bailey   | HP: 8/85 [orc warrior/war axe (18)]
  2589 | Bailey   | HP: 4/85 [orc warrior/war axe (14)]
  2592 | Bailey   | HP: 1/85 [gnoll/hand axe (5)]
  2592 | Bailey   | Slain by an orc warrior

Vault maps used:
D:1:      dpeg_arrival_oval
D:2:      minmay_tetromino_t2, uniq_robin
D:3:      uniq_purgy
D:4:      kennysheep_mini_moat, minmay_temple_entry_overgrown,
          kennysheep_orc_chapel
D:5:      first_bread, enter_ossuary_2, trog_book, uniq_blork_the_orc
D:6:      black_bear_nest_1, minmay_misc_feat_square, grunt_ministairs_1,
          minmay_ruined_shrine
D:7:      enter_bailey_3, minmay_fountain_box, uniq_pikel, uniq_menkaure
D:8:      gammafunk_temple_overflow_claw, uniq_joseph
Temple:   hc_temple_tempest_star
Ossuary:  ossuary_tomb_3
Bailey:   bailey_axe_of_yendor_kennysheep, bailey

Skill      XL: |  1  2  3  4  5  6  7  8 |
---------------+-------------------------+-----
Unarmed Combat | 3 4 5 6 7 9 |  9.1
Invocations    | 2 3 |  3.0
Dodging        | 4 |  4.7
Fighting       | 4 |  4.6
Spellcasting   | |  1.2
Charms         | |  2.0

Action                   |  1- 3 |  4- 6 |  7- 9 || total
-------------------------+-------+-------+-------++-------
Melee: Unarmed           |   100 |    93 |   152 ||   345
       Punch             |       |     2 |     5 ||     7
Throw: Large rock        |       |       |     9 ||     9
 Cast: Shroud of Golubri |     1 |     1 |       ||     2
Invok: Heroism           |       |       |     5 ||     5
Evoke: Wand              |       |       |     6 ||     6
  Use: Potion            |       |     2 |     4 ||     6
       Scroll            |       |       |     5 ||     5
  Eat: Chunk             |    11 |     7 |    11 ||    29
Armor: Robe              |    19 |    22 |    53 ||    94
       Skin              |       |       |     1 ||     1
Dodge: Dodged            |    38 |    36 |    73 ||   147
